 Dungeon Crawl Stone Soup version 0.24-a0-235-g3f03afcf10 (webtiles) character file.

Game seed: 394520615896022418

5 MrRokkomies the Sneak (level 1, -1/10 HPs)
             Began as a Spriggan Assassin on Apr 6, 2019.
             Slain by a kobold
             ... wielding a cursed +0 dagger
              (3 damage)
             ... on level 2 of the Dungeon.
             The game lasted 00:00:54 (108 turns).

MrRokkomies the Sneak (Spriggan Assassin)            Turns: 108, Time: 00:00:55

Health: -1/10      AC:  3    Str:  7    XL:     1   Next: 66%
Magic:  2/2        EV: 17    Int: 12    God:
Gold:   12         SH:  0    Dex: 17    Spells: 0/0 levels left

rFire    . . .     SeeInvis +   a - +2 dagger
rCold    . . .     Gourm    .   (shield restricted)
rNeg     . . .     Faith    .   c - +0 robe
rPois    .         Spirit   .   (helmet restricted)
rElec    .         Reflect  .   d - +0 cloak
rCorr    .         Harm     .   (gloves unavailable)
MR       .....                  (boots unavailable)
Stlth    +++.......             (no amulet)
HPRegen  0.03/turn              (no ring)
MPRegen  0.08/turn              (no ring)

@: very quick
A: very small, unfitting armour, see invisible, herbivore, speed 3, slow
metabolism 2
a: no special abilities


You were on level 2 of the Dungeon.
You were not hungry.

You visited 1 branch of the dungeon, and saw 2 of its levels.

You collected 12 gold pieces.

Inventory:

Hand Weapons
 a - a +2 dagger (weapon)
 b - a +0 blowgun
Missiles
 e - 8 poisoned needles
 f - 2 curare-tipped needles
Armour
 c - a +0 robe (worn)
 d - a +0 cloak (worn)
Scrolls
 h - a scroll of identify {unknown}
 i - a scroll of remove curse {unknown}
Potions
 j - 2 potions of lignification {unknown}
Comestibles
 g - 2 rations


   Skills:
 - Level 1.5 Fighting
 * Level 2.4 Short Blades
 * Level 2.1 Throwing
 - Level 1.5 Dodging
 * Level 6.0 Stealth


You couldn't memorise any spells.
You didn't know any spells.
Your spell library was empty.

Dungeon Overview and Level Annotations

Branches:
Dungeon (2/15)

Altars:


Innate Abilities, Weirdness & Mutations

You are very small and have problems with some larger weapons.
You are too small for most types of armour.
You have supernaturally acute eyesight. (SInv)
You are a herbivore.
You cover ground extremely quickly.
You need to consume almost no food.


Message History

You kill the frilled lizard!
Found 2 viscous puce potions.
You see here a frilled lizard corpse.
i - a scroll labeled APEOZI ORHAM
Found a club.
j - 2 viscous puce potions You hit the kobold but do no damage.
The kobold hits you with a cursed +0 dagger.
* * * LOW HITPOINT WARNING * * *
You hit the kobold.
The kobold is severely wounded.
The kobold hits you with a cursed +0 dagger.
* * * LOW HITPOINT WARNING * * *
You barely miss the kobold.
The kobold is severely wounded.
The kobold barely misses you.
You barely miss the kobold.
The kobold is heavily wounded.
The kobold hits you with a cursed +0 dagger.
You die...

#....## #(#..# ###.# #....#
#.#..######...#
########.####.#..#......###
......†......<....†..>....#
.......######.#.##.##...#.#
...###. #......##..##.# .
## ###.#####..##.#
##.#####.....#
#.K@......#### #..!...####
#......# #......# #........
##.....##. #.....# #
#.#####


You could see a kobold.

Vanquished Creatures
  A leopard gecko (D:2)
  A bat (D:1)
  A frilled lizard (D:2)
  A goblin (D:2)
  A rat (D:2)
5 creatures vanquished.

Notes
Turn   | Place    | Note
-------+----------+-------------------------------------------
     0 | D:1      | MrRokkomies the Spriggan Assassin began the quest for the
                  | Orb.
     0 | D:1      | Reached XP level 1. HP: 10/10 MP: 2/2
    50 | D:2      | Reached skill level 6 in Stealth
   108 | D:2      | Slain by a kobold

Levels and vault maps discovered:
D:1:      psy_arrival_whirlpool, layout_basic, dk_noncrumbling_4,
          chequers_big_river
D:2:      layout_basic, cheibriados_altar_1, first_ration

Skill      XL: |  1 |
---------------+----+-----
Stealth        | 6 |  6.0
Fighting       | |  1.5
Short Blades   | |  2.4
Throwing       | |  2.1
Dodging        | |  1.5

Action                   || total
-------------------------++-------
Melee: Dagger            ||    18
 Stab: Sleeping          ||     2
Armor: Robe              ||     2
Dodge: Dodged            ||     9

Table legend:
 A = Non-vault XP
 B = Vault XP
 C = Vault XP percentage of total XP
 D = Non-vault monster count
 E = Vault monster count
 F = Vault count percentage of total count
                 A         B        C        D         E       F
            +---------+---------+-------+---------+---------+-------
      Total |       8 |       0 |   0.0 |       5 |       0 |   0.0
            +---------+---------+-------+---------+---------+-------
        D:1 |       2 |       0 |   0.0 |       1 |       0 |   0.0
        D:2 |       6 |       0 |   0.0 |       4 |       0 |   0.0
            +---------+---------+-------+---------+---------+-------
